 Dungeon Crawl Stone Soup version 0.30.1-9-gdf580d7c3d (webtiles) character file.

Game seed: 7232835729108472959

170 rogsnak the Chiller (level 5, -2/38 HPs)
             Began as a Barachi Ice Elementalist on Oct 10, 2023.
             Was a Follower of Sif Muna.
             Slain by a kobold
             ... wielding a +0 whip
              (4 damage)
             ... on level 3 of the Dungeon.
             The game lasted 00:10:08 (2406 turns).

rogsnak the Chiller (Barachi Ice Elementalist)      Turns: 2406, Time: 00:10:09

Health: -2/38      AC: 12    Str:  9    XL:     5   Next: 50%
Magic:  10/10      EV: 17    Int: 18    God:    Sif Muna [*.....]
Gold:   125        SH:  5    Dex: 12    Spells: 3/11 levels left

rFire   . . .        f - +1 dagger (protect)
rCold   . . .        (no shield)
rNeg    . . .        a - +0 robe
rPois   .            v - +1 helmet
rElec   .            (no cloak)
rCorr   .            (no gloves)
SInv    .            k - +0 pair of boots
Will    .....        i - amulet of reflection
Stlth   ++           m - +5 ring of evasion
HPRegen 0.26/turn    (no ring)
MPRegen 0.12/turn

%: reflection
@: under a protective aura, slow
A: amphibious, slowness 1, strong legs 1, +LOS
a: Hop, Renounce Religion, Channel Magic


You were on level 3 of the Dungeon.
You worshipped Sif Muna.
Sif Muna was aware of your devotion.
You visited 1 branch of the dungeon, and saw 3 of its levels.

You collected 125 gold pieces.

Inventory:

Hand Weapons
 d - a +0 rapier
 f - a +1 dagger of protection (weapon)
Missiles
 c - 32 stones
 e - 11 poisoned darts
Armour
 a - a +0 robe (worn)
 k - a +0 pair of boots (worn)
 v - a +1 helmet (worn)
Jewellery
 g - a ring of fire
 i - an amulet of reflection (around neck)
 m - a +5 ring of evasion (left hand)
 n - a ring of wizardry
Wands
 t - a wand of roots (11)
 u - a wand of quicksilver (1)
Scrolls
 h - 2 scrolls of identify {unknown}
 j - a scroll of immolation {unknown}
 l - a scroll of blinking {unknown}
 p - 4 scrolls of fog {unknown}
 s - 2 scrolls of teleportation {unknown}
Potions
 b - a potion of magic
 o - a potion of mutation {unknown}
 q - 2 potions of heal wounds {unknown}
 r - a potion of curing {unknown}


   Skills:
 + Level 1.7 Fighting
 + Level 2.7 Dodging
 - Level 2.0 Stealth
 + Level 0.3 Shields
 + Level 3.5 Spellcasting
 + Level 0.1 Summonings
 + Level 6.4 Ice Magic


You had 3 spell levels left.
You knew the following spells:

 Your Spells              Type           Power      Damage    Failure   Level
a - Freeze                Ice            100%       1d10      1%          1
b - Ozocubu's Armour      Ice            26%        N/A       3%          3
c - Summon Ice Beast      Ice/Summ       15%        N/A       36%         4

Your spell library contained the following spells:

 Spells                   Type           Power      Damage    Failure   Level
 Frozen Ramparts          Ice            52%        1d8       3%          3
 Beastly Appendage        Tmut           6%         N/A       16%         1
 Cigotuvi's Dreadful Rot  Necr/Pois/Air  6%         N/A       24%         2
 Wereblood                Tmut           3%         N/A       24%         2
 Ignite Poison            Fire/Tmut/Pois 3%         N/A       43%         3
 Spider Form              Tmut/Pois      3%         N/A       43%         3
 Freezing Cloud           Conj/Ice/Air   5%         6-21      87%         5


Dungeon Overview and Level Annotations

Branches:
Dungeon (3/15)

Altars:
Sif Muna

Annotations:
D:3 1 runed translucent door, Natasha; ShellytheWitch's ghost, amateur KoBr


Innate Abilities, Weirdness & Mutations

You are amphibious.
You cover ground slowly.
You can hop short distances.
You have an extended range of vision and can be seen from far away.


Message History

You hit Natasha but do no damage.
Natasha is lightly wounded.
The kobold barely misses you. The jackal barely misses you.
Natasha mumbles some strange words.
Unknown command.
You closely miss Natasha.
Natasha is lightly wounded.
The jackal bites you but does no damage.
You block the kobold's attack. You block Natasha's attack.
The jackal barely misses you.
The cerulean imp hits you from afar with a +1 spear.
* * * LOW HITPOINT WARNING * * *
You closely miss Natasha.
Natasha is lightly wounded.
The kobold misses you. Natasha closely misses you.
The jackal barely misses you.
The cerulean imp hits you from afar with a +1 spear.
* * * LOW HITPOINT WARNING * * *
Unknown command.
You closely miss Natasha.
Natasha is lightly wounded.
You block the kobold's attack. The jackal closely misses you.
Natasha misses you. The cerulean imp misses you.
Unknown command.
You hit Natasha.
Natasha is moderately wounded.
The jackal misses you. You block the kobold's attack.
Natasha completely misses you. You block the jackal's attack.
The cerulean imp completely misses you.
Unknown command.
You hit Natasha but do no damage.
Natasha is moderately wounded.
The kobold closely misses you. Natasha completely misses you.
The jackal bites you but does no damage.
You block the cerulean imp's attack.
Unknown command.
You barely miss the kobold.
The jackal bites you but does no damage.
The kobold hits you with a +0 whip.
You die...

###### ########## #....#
#........#
#....##########........#
#............##........#
#............##........#########
###.#........+..................
#.#........##hh......#.....###
#.##.##'#<.5†@K..#####†....#
#.##.#...#######.# #.....# .
...#.#...........# #h....# .
####.#..########## ......#
.###....#... ......#
........#### h......#
..†..........


hh...... ........##.... ........#. ........# ##. ........#.. You could see
Natasha, a cerulean imp (summoned), a jackal and a kobold.

Vanquished Creatures
  Natasha (D:3)
  Terence (D:2)
  4 adders (D:2)
  3 dart slugs (D:1)
  An orc (D:3)
  4 bats
  5 endoplasms
  A giant cockroach (D:1)
  10 goblins
  6 hobgoblins
  7 quokkas
  5 ball pythons
  5 frilled lizards
  5 kobolds
  5 rats
63 creatures vanquished.

Vanquished Creatures (collateral kills)
  Robin (D:3)
1 creature vanquished.

Vanquished Creatures (others)
  2 jackals (D:3)
2 creatures vanquished.

Grand Total: 66 creatures vanquished

Notes
Turn   | Place    | Note
-------+----------+-------------------------------------------
     0 | D:1      | rogsnak the Barachi Ice Elementalist began the quest for
                  | the Orb.
     0 | D:1      | Reached XP level 1. HP: 13/13 MP: 3/3
    46 | D:1      | Reached skill level 5 in Ice Magic
    82 | D:1      | Reached XP level 2. HP: 15/19 MP: 3/5
   314 | D:1      | Reached XP level 3. HP: 24/24 MP: 6/6
   318 | D:1      | Learned a level 3 spell: Ozocubu's Armour
   903 | D:2      | Found a shimmering blue altar of Sif Muna.
   916 | D:2      | Became a worshipper of Sif Muna the Loreminder
  1038 | D:2      | Noticed Terence
  1052 | D:2      | Killed Terence
  1053 | D:2      | Reached skill level 6 in Ice Magic
  1053 | D:2      | Reached XP level 4. HP: 28/31 MP: 0/8
  1062 | D:2      | Reached skill level 1 in Fighting
  1204 | D:2      | Learned a level 4 spell: Summon Ice Beast
  1662 | D:3      | Reached XP level 5. HP: 38/38 MP: 6/9
  1665 | D:3      | Found a runed translucent door.
  1672 | D:3      | Noticed ShellytheWitch's ghost (amateur KoBr)
  1703 | D:3      | Noticed Robin
  1994 | D:3      | Killed Robin
  2055 | D:3      | Reached * piety under Sif Muna
  2181 | D:3      | Noticed Natasha
  2182 | D:3      | Noticed a nameless horror
  2192 | D:3      | Killed Natasha
  2370 | D:3      | Noticed Natasha
  2401 | D:3      | HP: 1/38 [cerulean imp/+1 spear[Natasha] (2)]
  2406 | D:3      | Slain by a kobold

Illustrated notes

Levels and vault maps discovered:
D:1:      ebering_trefoil_3fold, layout_loops_ring
D:2:      layout_loops_ring, basic_altar, uniq_terence
D:3:      layout_basic, gammafunk_ghost_grave, uniq_crazy_yiuf_cottage,
          uniq_natasha, uniq_robin

Skill      XL: |  1  2  3  4 |
---------------+-------------+-----
Ice Magic      | 5 6 |  6.4
Stealth        | 2 |  2.0
Fighting       | 1 |  1.7
Spellcasting   | 3 |  3.5
Dodging        | |  2.7
Shields        | |  0.3
Summonings     | |  0.1

Action                     |  1- 3 |  4- 6 || total
---------------------------+-------+-------++-------
  Melee: Rapier            |    30 |       ||    30
         Dagger            |    56 |    59 ||   115
         Punch             |       |     1 ||     1
   Cast: Freeze            |    22 |    37 ||    59
         Ozocubu's Armour  |     1 |       ||     1
         Summon Ice Beast  |       |     1 ||     1
Ability: Hop               |       |     1 ||     1
   Stab: Sleeping          |     1 |       ||     1
 Armour: Robe              |    27 |    24 ||    51
  Dodge: Dodged            |    54 |    95 ||   149
  Block: Other             |     7 |    28 ||    35
